 Dungeon Crawl Stone Soup version 0.25-a0-589-g1e14c549ee (webtiles) character file.

Game seed: 17173887837862544197, levelgen mode: deterministic

165 Kohma the Ruffian (level 5, -1/53 HPs)
             Began as a Troll Monk on Mar 11, 2020.
             Slain by an orc
             ... wielding a +0 whip
              (3 damage)
             ... on level 4 of the Dungeon.
             The game lasted 00:04:42 (2238 turns).

Kohma the Ruffian (Troll Monk)                      Turns: 2238, Time: 00:04:43

Health: -1/53      AC:  7    Str: 19    XL:     5   Next: 21%
Magic:  4/4        EV: 10    Int:  7    God:
Gold:   185        SH:  0    Dex: 12    Spells: 4/4 levels left

rFire    . . .     SeeInvis .     - Unarmed
rCold    . . .     Gourm    +   (no shield)
rNeg     . . .     Faith    .   a - +0 robe
rPois    .         Spirit   .   (helmet restricted)
rElec    .         Reflect  .   o - +0 cloak
rCorr    .         Harm     .   (gloves unavailable)
MR       .....                  (boots unavailable)
Stlth    ++........             (no amulet)
HPRegen  0.57/turn              (no ring)
MPRegen  0.09/turn              (no ring)

@: no status effects
A: large, unfitting armour, claws 3, fast metabolism 3, gourmand, regeneration
1, shaggy fur 1, tough skin 3
a: no special abilities


You were on level 4 of the Dungeon.
You were completely stuffed.

You visited 1 branch of the dungeon, and saw 4 of its levels.

You collected 185 gold pieces.

Inventory:

Hand Weapons
 u - a +2 dagger of venom
Missiles
 j - 23 poisoned darts (quivered)
 t - 4 silver boomerangs
Armour
 a - a +0 robe (worn)
 o - a +0 cloak (worn)
Scrolls
 c - 2 scrolls of enchant weapon {unknown}
 d - 2 scrolls of teleportation {unknown}
 i - 5 scrolls of identify {unknown}
 l - 2 scrolls of remove curse {unknown}
 n - a scroll of magic mapping {unknown}
 s - a scroll of fear {unknown}
Potions
 e - a potion of stabbing {unknown}
 f - a potion of resistance {unknown}
 g - a potion of flight {unknown}
 h - 3 potions of curing {unknown}
 k - a potion of degeneration {unknown}
 m - 2 potions of mutation {unknown}
 q - a potion of haste {unknown}
 r - 2 potions of ambrosia {unknown}
Comestibles
 b - 8 rations
 p - 2 chunks of flesh


   Skills:
 + Level 3.4 Fighting
 - Level 2.4 Dodging
 - Level 1.0 Stealth
 * Level 5.2 Unarmed Combat


You had 4 spell levels left.
You didn't know any spells.
Your spell library was empty.

Dungeon Overview and Level Annotations

Branches:
Dungeon (4/15)
 Temple: D:4-7

Altars:
Cheibriados
Gozag
Ru
Yredelemnul
Zin

Shops:
D:2 *


Innate Abilities, Weirdness & Mutations

You are too large for most types of armour.
You have claws for hands.
Your metabolism is lightning-fast.
You like to eat raw meat.
Your natural rate of healing is unusually fast.
You are covered in fur. (AC +1)
You have extremely tough skin. (AC +3)


Message History

You are too injured to fight recklessly!
You are too injured to fight recklessly!
You are too injured to fight recklessly!
You are too injured to fight recklessly!
You scratch the orc priest but do no damage.
The orc priest is almost dead.
The orc priest closely misses you. The orc hits you with a +0 whip.
The orc priest invokes the aid of Beogh against you.
Beogh smites you!
* * * LOW HITPOINT WARNING * * *
The orc wizard completely misses you.
You barely miss the orc priest.
The orc priest is almost dead.
The orc priest completely misses you.
You closely miss the orc priest.
The orc priest is almost dead.
The orc priest hits you with a +0 hand axe!
* * * LOW HITPOINT WARNING * * *
The orc hits you with a +0 whip.
You die...

......#.....###.# ..
..............#.# # .
...............## #. #.
..........#....#
...#.####.............##
#.................##...#
##...........#...###.#.#
#.....o...#.............
?.....o@..#.#...........
#.....oo..#.####........
#.........### ###......
#.........# ##.....
#.........# #.....
########### #.....
#..... #..>.. ######


You could see 2 orc priests, an orc wizard and an orc.

Vanquished Creatures
  Jessica (D:3)
  Terence (D:2)
  A howler monkey skeleton (D:4)
  2 adders
  An adder skeleton (D:4)
  2 dart slugs (D:1)
  2 leopard geckos
  11 orcs
  2 giant cockroaches
  8 goblins
  6 hobgoblins
  5 jackals (D:3)
  2 ball pythons
  11 bats
  6 kobolds
  A leopard gecko skeleton (D:4)
  6 rats
68 creatures vanquished.

Notes
Turn   | Place    | Note
-------+----------+-------------------------------------------
     0 | D:1      | Kohma the Troll Monk began the quest for the Orb.
     0 | D:1      | Reached XP level 1. HP: 22/22 MP: 0/0
   225 | D:1      | Reached XP level 2. HP: 29/29 MP: 1/1
   668 | D:2      | Noticed Terence
   670 | D:2      | Reached XP level 3. HP: 36/36 MP: 2/2
   677 | D:2      | Killed Terence
   677 | D:2      | Reached skill level 4 in Unarmed Combat
   897 | D:2      | Found a snail-covered altar of Cheibriados.
   966 | D:2      | Found Zin's Purification Station.
   971 | D:2      | Found a glowing silver altar of Zin.
  1356 | D:3      | Reached XP level 4. HP: 45/45 MP: 3/3
  1374 | D:3      | Found a sacrificial altar of Ru.
  1417 | D:3      | Found a basalt altar of Yredelemnul.
  1737 | D:3      | Found an opulent altar of Gozag.
  2033 | D:3      | Noticed Jessica
  2036 | D:3      | Killed Jessica
  2036 | D:3      | Reached skill level 5 in Unarmed Combat
  2074 | D:4      | Reached XP level 5. HP: 53/53 MP: 4/4
  2238 | D:4      | HP: 2/53 [orc priest/+0 hand axe (9)]
  2238 | D:4      | Slain by an orc

Levels and vault maps discovered:
D:1:      lemuel_arrival_broad_hall, layout_basic, minmay_door_square,
          grunt_decor_arrowhead, minmay_vboxes
D:2:      layout_loops_ring, nicolae_overflow_hidden_temple, zin_purify,
          first_ration, uniq_terence
D:3:      layout_basic, lemuel_crystal_altar, lemuel_round_altar,
          grunt_gozag_breadcrumbs, uniq_jessica
D:4:      layout_rooms, vehumet_crystals, nicolae_ashenzari_panopticon,
          minmay_misc_feat_rows

Skill      XL: |  1  2  3  4 |
---------------+-------------+-----
Unarmed Combat | 4 5 |  5.2
Fighting       | 3 |  3.4
Dodging        | |  2.4
Stealth        | |  1.0

Action                   |  1- 3 |  4- 6 || total
-------------------------+-------+-------++-------
Melee: Unarmed           |    84 |    89 ||   173
       Punch             |     2 |     1 ||     3
 Stab: Sleeping          |     2 |     2 ||     4
  Eat: Chunk             |    18 |     8 ||    26
Armor: Robe              |    56 |    31 ||    87
Dodge: Dodged            |    68 |    45 ||   113

Table legend:
 A = Non-vault XP
 B = Vault XP
 C = Vault XP percentage of total XP
 D = Non-vault monster count
 E = Vault monster count
 F = Vault count percentage of total count
                 A         B        C        D         E       F
            +---------+---------+-------+---------+---------+-------
      Total |     161 |      75 |  31.8 |      62 |       6 |   8.8
            +---------+---------+-------+---------+---------+-------
        D:1 |      32 |       6 |  15.8 |      17 |       4 |  19.0
        D:2 |      26 |      32 |  55.2 |      15 |       1 |   6.2
        D:3 |      56 |      37 |  39.8 |      21 |       1 |   4.5
        D:4 |      47 |       0 |   0.0 |       9 |       0 |   0.0
            +---------+---------+-------+---------+---------+-------
